cohdb
Replays
Latest Replays
All Replays
Popular Replays
Top Player Replays
Match Explorer
How It Works
Community
CoH3 Stats
Reddit
Sign in to upload your games and track your stats! →
Sign in with Steam
Match 41723061
Unlisted
Match 41723061
Overview
Messages
Build Orders
End
Construct Barracks
Selects Heavy Weapons
Riflemen Squad
1⁄4-ton 4x4 Truck
Riflemen Squad
Engineer Squad
Construct Weapon Support Center
Bazooka Squad
Construct Medical Station
Mortar Pit
.30 cal Machine Gun
Selects M2HB .50cal Heavy Machine Gun
Selects Assault Carriers
Mechanized Support Center
Construct Tank Depot
M4A1 Sherman Medium Tank
Selects Exchangeable Parts
Engineer Squad
Mortar Pit
M4A1 Sherman Medium Tank
Mortar Pit
M4A1 76mm Conversion
Skyline
KevinTDW
~TAB~ THUND3RCHUNKY
Hunter
0
0
Comments
sign in to comment!
No comments posted yet!